AoeStats
← [LCDR] ScOrPiOn II

Arabia

505753376Analyzed
4v4 RM · 22d ago on Sep 10, 2026· 28m 23s· 8 players
Game mode
Random Map
Map size
Large (8 player)
Population
200
Speed
Normal
Resources
Standard
Victory
Conquest
Starting age
Dark Age
Ending age
Imperial Age
RankedLock teamsTeams togetherTeam positionsShared explorationLock speedFull tech treeHidden civsTurbo modeCheats
Victory
Defeat
🇧🇷 Ethiopians · Brazil
1751
+5
🇧🇷 Franks · Brazil
1592
+9
🇧🇷 Britons · Brazil
1522
+10
🇧🇷 Magyars · Brazil
1477
+12
🇨🇳 Persians · China
1458
-11
🇧🇷 Franks · Brazil
1432
-9
🇺🇸 Wei · United States
1418
-9
🇨🇳 Ethiopians · China
1374
-7
Enter a Name
6:20 Loom
9:43 Feudal Age
10:25 Double-Bit Axe
11:31 Horse Collar
15:37 Scale Barding Armor
19:12 Bloodlines
23:32 Castle Age
22:45 Forging
23:35 Light Cavalry
24:52 Chain Barding Armor
帝国老油条
3:28 Loom
10:16 Feudal Age
11:39 Horse Collar
14:26 Scale Barding Armor
20:10 Forging
24:44 Bloodlines
ffff
6:13 Loom
6:15 Loom
9:44 Feudal Age
10:12 Double-Bit Axe
14:37 Forging
14:32 Scale Barding Armor
15:10 Scale Barding Armor
23:50 Castle Age
23:46 Gold Mining
25:56 Bow Saw
29:01 Iron Casting
逸丶然
6:12 Loom
9:32 Feudal Age
10:15 Double-Bit Axe
13:12 Fletching
15:43 Gold Mining
18:23 Padded Archer Armor
23:33 Castle Age
23:38 Crossbowman
24:15 Bodkin Arrow
26:45 Wheelbarrow
26:26 Bow Saw
[LCDR] Alone
6:53 Loom
9:20 Feudal Age
10:00 Double-Bit Axe
12:08 Forging
14:59 Scale Barding Armor
22:37 Castle Age
20:50 Gold Mining
23:40 Chain Barding Armor
23:21 Husbandry
25:25 Iron Casting
[LCDR] ScOrPiOn II
6:51 Loom
9:32 Feudal Age
11:06 Double-Bit Axe
14:05 Scale Barding Armor
24:03 Castle Age
22:47 Horse Collar
23:30 Bloodlines
24:04 Light Cavalry
25:06 Chain Barding Armor
24:58 Husbandry
25:25 Bow Saw
SSX_Flexa
6:24 Loom
9:09 Feudal Age
10:58 Double-Bit Axe
13:19 Fletching
19:09 Padded Archer Armor
25:26 Castle Age
23:55 Gold Mining
25:29 Crossbowman
26:06 Bodkin Arrow
26:04 Horse Collar
28:24 Leather Archer Armor
29:01 Ballistics
Fs.TARTARUGA VELOZ
6:43 Loom
9:03 Feudal Age
13:38 Fletching
17:13 Double-Bit Axe
24:04 Castle Age
22:15 Horse Collar
22:37 Gold Mining
24:07 Crossbowman
24:43 Bodkin Arrow
25:27 Bow Saw
25:18 Padded Archer Armor
26:03 Thumb Ring
26:22 Ballistics
28:20 Wheelbarrow
Connection lost

Rejoining the realm…

Still unreachable

The connection could not be restored.

Session expired

The server has moved on; the page needs a fresh start.